 Dungeon Crawl Stone Soup version 0.30.1 (webtiles) character file.

Game seed: 7911695385319008413

266 Destapler the Trooper (level 6, 0/49 HPs)
             Began as a Demonspawn Monk on July 13, 2023.
             Slain by an orc priest
             ... wielding a +0 whip
              (4 damage)
             ... on level 4 of the Dungeon.
             The game lasted 00:04:01 (3266 turns).

Destapler the Trooper (Demonspawn Monk)             Turns: 3266, Time: 00:04:01

Health: 0/49       AC:  3    Str: 15    XL:     6   Next: 0%
Magic:  6/6        EV: 13    Int: 14    God:
Gold:   253        SH:  0    Dex: 15    Spells: 5/5 levels left

rFire   . . .        p - +0 hand axe of the Firefly {flame, Str+4 Stlth-}
rCold   . . .        d - orb {light}
rNeg    . . .        b - +0 robe
rPois   .            (no helmet)
rElec   .            (no cloak)
rCorr   .            q - +0 pair of gloves
SInv    .            (no boots)
Will    .....        (no amulet) Stlth
                     (no ring)
HPRegen 0.28/turn    (no ring)
MPRegen 0.10/turn

%: no passive effects
@: glowing
A: demonic magic 1
a: no special abilities


You were on level 4 of the Dungeon.
You visited 1 branch of the dungeon, and saw 4 of its levels.

You collected 253 gold pieces.

Inventory:

Hand Weapons
 a - a +0 mace
 p - the +0 hand axe of the Firefly (weapon) {flame, Str+4 Stlth-}
   (You found it on level 4 of the Dungeon)

   Str:       It affects your strength (+4).
   Stlth:     It makes you less stealthy.
Missiles
 l - 59 stones (quivered)
Armour
 b - a +0 robe (worn)
 d - an orb of light (worn)
 q - a +0 pair of gloves (worn)
Jewellery
 r - an amulet of regeneration
Scrolls
 f - a scroll of teleportation {unknown}
 j - 5 scrolls of identify {unknown}
 m - a scroll of enchant weapon {unknown}
 n - 3 scrolls of amnesia {unknown}
 o - 3 scrolls of silence {unknown}
 s - a scroll of blinking {unknown}
 t - a scroll of fog {unknown}
 v - a scroll of vulnerability {unknown}
Potions
 c - a potion of ambrosia
 e - 8 potions of curing {unknown}
 g - 2 potions of flight {unknown}
 h - 4 potions of attraction {unknown}
 i - a potion of berserk rage {unknown}
 k - a potion of haste {unknown}
 u - a potion of invisibility {unknown}
 w - a potion of heal wounds {unknown}


   Skills:
 + Level 4.5 Fighting
 + Level 4.1 Maces & Flails
 + Level 4.1 Dodging


You had 5 spell levels left.
You didn't know any spells.
Your spell library was empty.

Dungeon Overview and Level Annotations

Branches:
Dungeon (4/15)
 Temple: D:4-7

Altars:
Uskayaw


Innate Abilities, Weirdness & Mutations

Spells you cast may paralyse adjacent enemies.


Message History

You feel less confused.
The orc priest calls upon Beogh to heal the orc priest.
The orc priest is healed somewhat.
The orc priest hits you with a +0 whip.
* * * LOW HITPOINT WARNING * * *
The orc barely misses you.
You barely miss the orc priest.
The orc priest is lightly wounded.
You hit the orc. You burn the orc.
You kill the orc!
The orc priest calls upon Beogh to heal the orc priest.
The orc priest's wounds heal themselves!
The orc priest hits you with a +0 whip.
* * * LOW HITPOINT WARNING * * *
You have reached level 6!
You completely miss the orc priest.
Unknown command.
You barely miss the orc priest.
The orc priest casts a cantrip, but nothing happens.
The orc priest hits you with a +0 whip.
* * * LOW HITPOINT WARNING * * *
Unknown command.
You hit the orc priest but do no damage.
You hit the orc. You burn the orc. The orc barely misses you.
The orc priest invokes the aid of Beogh against you.
Beogh smites you!
* * * LOW HITPOINT WARNING * * *
The orc priest closely misses you. The orc hits you but does no damage.
Unknown command.
You hit the orc priest. You burn the orc priest.
The orc priest is moderately wounded.
You hit the orc. You burn the orc. The orc hits you with a +0 flail!
* * * LOW HITPOINT WARNING * * *
The orc priest closely misses you.
Unknown command.
You barely miss the orc priest.
The orc priest is moderately wounded.
You hit the orc. You burn the orc.
You kill the orc!
The orc priest hits you with a +0 whip.
You die...

###### #...... ######
....... #....#
###!..#### #.##.#
#..)!..... ####.##.#
###o#.#.#.## #....##.#
#.o@#.# #####.##.#
#.##### #.....##.# #.#
##.###.##.####.#####.#
.............†...>.)..
##.######......##.##.#
#.# ######.# ..
#.####### #.# ...
#.......#####.# # ##


You could see 2 orc priests.

Vanquished Creatures
  6 orc wizards
  2 adders
  2 worms
  2 dart slugs (D:1)
  16 orcs
  4 bats
  5 endoplasms
  2 giant cockroaches (D:3)
  3 goblins
  5 hobgoblins
  3 jackals (D:1)
  2 quokkas
  10 ball pythons
  7 frilled lizards
  7 kobolds
  8 rats
84 creatures vanquished.

Notes
Turn   | Place    | Note
-------+----------+-------------------------------------------
     0 | D:1      | Destapler the Demonspawn Monk began the quest for the Orb.
     0 | D:1      | Reached XP level 1. HP: 18/18 MP: 1/1
    88 | D:1      | Gained mutation: Spells you cast may paralyse adjacent
                  | enemies. [demonic ancestry]
    88 | D:1      | Reached XP level 2. HP: 10/24 MP: 2/2
   463 | D:1      | Reached XP level 3. HP: 29/29 MP: 3/3
  1404 | D:2      | You fall into a shaft and drop 2 floors!
  1406 | D:4      | Identified the +0 hand axe of the Firefly {flame, Str+4
                  | Stlth-}
  1609 | D:3      | Reached XP level 4. HP: 37/37 MP: 4/4
  2782 | D:3      | Reached XP level 5. HP: 42/42 MP: 5/5
  3065 | D:4      | Found a hide-covered altar of Uskayaw.
  3262 | D:4      | Reached XP level 6. HP: 20/49 MP: 6/6
  3266 | D:4      | Slain by an orc priest

Illustrated notes

Levels and vault maps discovered:
D:1:      lemuel_arrival_funnel, layout_basic
D:2:      layout_loops_ring
D:3:      layout_loops_ring, dk_noncrumbling_3, serial_bayou_pond_e,
          serial_park_tiny_pond, hangedman_decor_riveting,
          nicolae_kite_square_tiling_tiny, minmay_quantized
D:4:      layout_basic, mainiacjoe_overflow_alcove_1,
          mainiacjoe_overflow_cross_hatched, lemuel_coloured_pillars_altar,
          gammafunk_ghost_smash

Skill      XL: |  1  2  3  4  5 |
---------------+----------------+-----
Maces & Flails | 3 4 |  4.1
Dodging        | 3 4 |  4.1
Fighting       | 4 |  4.5

Action                     |  1- 3 |  4- 6 || total
---------------------------+-------+-------++-------
  Melee: Mace              |    96 |       ||    96
         Hand axe          |    11 |   111 ||   122
    Use: Potion            |       |     1 ||     1
 Armour: Robe              |    16 |    26 ||    42
  Dodge: Dodged            |    90 |    75 ||   165
